 Dungeon Crawl Stone Soup version 0.31-a0-345-g1ebeae05c6 (webtiles) character file.

Game seed: 8598591225120249649

1642 bmack86 the Cleaver (level 8, -3/64 HPs)
             Began as a Minotaur Fighter on July 23, 2023.
             Was a Believer of Trog.
             Slain by a kobold brigand
             ... wielding a +0 lajatang
              (7 damage)
             ... on level 6 of the Dungeon.
             The game lasted 00:09:56 (3387 turns).

bmack86 the Cleaver (Minotaur Fighter)              Turns: 3387, Time: 00:09:56

Health: -3/64      AC: 15    Str: 22    XL:     8   Next: 67%
Magic:  7/7        EV:  6    Int:  5    God:    Trog [**....]
Gold:   278        SH:  4    Dex: 11    Spells: 7/7 levels left

rFire   . . .        a - +0 war axe
rCold   . . .        c - +0 buckler
rNeg    . . .        n - +0 plate armour
rPois   .            (helmet restricted)
rElec   .            (no cloak)
rCorr   .            o - +0 pair of gloves
SInv    .            t - +2 pair of boots
Will    .....        (no amulet) Stlth
                     (no ring)
HPRegen 0.30/turn    (no ring)
MPRegen 0.10/turn

%: no passive effects
@: no status effects
A: horns 2, retaliatory headbutt
a: Renounce Religion, Berserk, Trog's Hand


You were on level 6 of the Dungeon.
You worshipped Trog.
Trog was pleased with you.
You visited 1 branch of the dungeon, and saw 6 of its levels.

You collected 278 gold pieces.

Inventory:

Hand Weapons
 a - a +0 war axe (weapon)
Missiles
 f - 2 javelins
Armour
 c - a +0 buckler (worn)
 n - a +0 plate armour (worn)
 o - a +0 pair of gloves (worn)
 t - a +2 pair of boots (worn)
Jewellery
 h - a ring of protection from fire
 w - a +6 ring of intelligence
 z - a ring of ice
Wands
 e - a wand of iceblast (12)
 A - a wand of flame (26)
Scrolls
 j - 2 scrolls of blinking {unknown}
 k - 3 scrolls of teleportation {unknown}
 l - 2 scrolls of fog {unknown}
 m - 2 scrolls of enchant weapon {unknown}
 q - a scroll of enchant armour {unknown}
 r - 2 scrolls of amnesia {unknown}
 s - 2 scrolls of poison {unknown}
 y - a scroll of immolation {unknown}
 B - a scroll of fear {unknown}
Potions
 b - 2 potions of lignification {unknown}
 d - 3 potions of might
 g - 2 potions of heal wounds
 i - a potion of brilliance
 p - a potion of enlightenment
 v - 2 potions of curing {unknown}
 x - 4 potions of ambrosia


   Skills:
 - Level 3.6 Fighting
 + Level 13.2 Axes
 - Level 3.6 Armour
 - Level 3.6 Shields


You had 7 spell levels left.
You didn't know any spells.
Your spell library was empty.

Dungeon Overview and Level Annotations

Branches:
Dungeon (6/15)
 Temple: D:4-7

Altars:
Cheibriados
Fedhas
Nemelex Xobeh
Trog

Annotations:
D:3 1 runed translucent door, garrulousMonolith's ghost, amateur OpSh


Innate Abilities, Weirdness & Mutations

You have a pair of horns on your head.
You reflexively headbutt those who attack you in melee.


Message History

* * * LOW HITPOINT WARNING * * *
You closely miss the kobold brigand.
Your headbutt misses the kobold brigand.
The kobold brigand is lightly wounded.
You closely miss the orc.
The kobold brigand hits you but does no damage.
The orc hits you but does no damage. The orc hits you with a +0 flail.
* * * LOW HITPOINT WARNING * * *
Your skin stops crawling.
You feel less strong-willed. The orc hits you but does no damage.
You see here a +3 shortbow.
The orc hits you but does no damage.
You slash the orc!
You kill the orc!
Trog accepts your kill.
You slash the kobold brigand! You hit the orc but do no damage.
The kobold brigand hits you but does no damage.
The orc hits you with a +0 flail.
* * * LOW HITPOINT WARNING * * *
The kobold brigand hits you with a +0 lajatang.
* * * LOW HITPOINT WARNING * * *
You block the orc's attack.
You see here a +0 trident.
You slash the orc!
You kill the orc!
Trog accepts your kill.
You barely miss the kobold brigand.
The kobold brigand hits you with a +0 lajatang!
* * * LOW HITPOINT WARNING * * *
Unknown command.
The kobold brigand barely misses you.
Things that are here:
a +0 flail; a +0 leather armour Unknown command.
You closely miss the kobold brigand.
The kobold brigand is heavily wounded.
You closely miss the kobold brigand.
The kobold brigand is heavily wounded.
The kobold brigand hits you with a +0 lajatang!
You die...

..........# .. ...
.......#.# .#.... #.
####...##.##.#....
##...##..)).............
.......<...)..).........
##...........)).........
......##...>..).......#
#....# ###+####)†##...#
..... +K@.....# ....
#.).....##.. ...
#........... #.#
#.......## +........#
#)..##......
...........#..#...
.##...............
.................#


You could see a kobold brigand.

Vanquished Creatures
  Grinder (D:4)
  Sigmund (D:3)
  A steam dragon (D:4)
  An orc warrior (D:5)
  An ice beast (D:6)
  An ogre (D:4)
  2 centaurs
  2 scorpions (D:6)
  A howler monkey (D:6)
  4 hounds
  An orc priest (D:5)
  Ijyb (D:5)
  An iguana (D:6)
  4 orc wizards
  Robin (D:2)
  5 adders
  5 gnolls
  2 ufetubi
  A dart slug (D:1)
  28 orcs
  4 ball pythons
  8 bats
  2 endoplasms (D:4)
  A giant cockroach (D:1)
  14 goblins
  7 hobgoblins
  4 jackals (D:1)
  2 quokkas
  6 frilled lizards
  5 kobolds
  3 rats (D:2)
120 creatures vanquished.

Vanquished Creatures (others)
  An iguana (D:4)
  An orc wizard (D:6)
  A kobold (D:4)
3 creatures vanquished.

Grand Total: 123 creatures vanquished

Notes
Turn   | Place    | Note
-------+----------+-------------------------------------------
     0 | D:1      | bmack86 the Minotaur Fighter began the quest for the Orb.
     0 | D:1      | Reached XP level 1. HP: 19/19 MP: 0/0
    28 | D:1      | Reached skill level 3 in Axes
    28 | D:1      | Reached XP level 2. HP: 18/26 MP: 1/1
   123 | D:1      | Reached skill level 4 in Axes
   162 | D:1      | Reached XP level 3. HP: 20/31 MP: 2/2
   719 | D:2      | Found a bloodstained altar of Trog.
   732 | D:2      | Became a worshipper of Trog the Wrathful
   752 | D:2      | Found a faded altar of an unknown god.
   863 | D:2      | Reached skill level 5 in Axes
   947 | D:2      | Reached XP level 4. HP: 39/39 MP: 3/3
  1090 | D:2      | Noticed Robin
  1103 | D:2      | Killed Robin
  1104 | D:2      | Reached skill level 6 in Axes
  1407 | D:3      | Found a runed translucent door.
  1408 | D:3      | Noticed garrulousMonolith's ghost (amateur OpSh)
  1417 | D:3      | Noticed Sigmund
  1424 | D:3      | Killed Sigmund
  1425 | D:3      | Reached skill level 7 in Axes
  1425 | D:3      | Reached XP level 5. HP: 40/45 MP: 4/4
  1425 | D:3      | Reached XP level 6. HP: 46/51 MP: 5/5
  1564 | D:3      | Identified the +1 sling of Ywnurargh {freeze, rElec Dex+3}
  1632 | D:3      | Reached * piety under Trog
  2037 | D:4      | Noticed a steam dragon
  2044 | D:4      | Reached skill level 8 in Axes
  2050 | D:4      | Killed a steam dragon
  2205 | D:4      | Reached skill level 9 in Axes
  2205 | D:4      | Reached XP level 7. HP: 49/57 MP: 6/6
  2327 | D:4      | Found a blossoming altar of Fedhas.
  2370 | D:4      | Noticed Grinder
  2380 | D:4      | Killed Grinder
  2381 | D:4      | Reached skill level 10 in Axes
  2596 | D:5      | Entered Level 5 of the Dungeon
  2829 | D:5      | Reached skill level 11 in Axes
  2831 | D:5      | Reached XP level 8. HP: 44/64 MP: 7/7
  2844 | D:5      | Found a sparkling altar of Nemelex Xobeh.
  2844 | D:5      | Found a snail-covered altar of Cheibriados.
  2963 | D:5      | Reached ** piety under Trog
  2998 | D:5      | Noticed Ijyb
  3013 | D:5      | Killed Ijyb
  3257 | D:6      | Reached skill level 12 in Axes
  3372 | D:6      | Reached skill level 13 in Axes
  3384 | D:6      | HP: 3/64 [kobold brigand/+0 lajatang (7)]
  3387 | D:6      | Slain by a kobold brigand

Illustrated notes

Levels and vault maps discovered:
D:1:      eino_arrival_water_cross, layout_rooms, nicolae_grassy_gnolls
D:2:      layout_loops_corners, ebering_ecumenical_altar_sacrificial,
          basic_altar, uniq_robin
D:3:      layout_loops_ring, hellmonk_ghost_happy_afterlife, uniq_sigmund
D:4:      layout_rooms, fedhas_altar_1, serial_bayou_pond_a, uniq_grinder
D:5:      layout_cave_pools, chequers_temple_overflow_statue_of_worship,
          corexii_checkpoint_a, uniq_ijyb
D:6:      layout_cave_pools, dreamdust_divine_triumvirate,
          mainiacjoe_overflow_six_doors_small, corexii_item_surrounded_by_moat,
          st_stairs_6

Skill      XL: |  1  2  3  4  5  6  7  8 |
---------------+-------------------------+-----
Axes           | 3 4 5 7 9 11 13 | 13.2
Fighting       | |  3.6
Armour         | |  3.6
Shields        | |  3.6

Action                     |  1- 3 |  4- 6 |  7- 9 || total
---------------------------+-------+-------+-------++-------
  Melee: War axe           |    53 |    83 |   116 ||   252
         Headbutt          |     6 |    14 |    24 ||    44
 Invoke: Berserk           |       |       |     2 ||     2
         Trog's Hand       |       |       |     1 ||     1
    Use: Scroll            |       |       |     5 ||     5
 Armour: Scale mail        |    27 |       |       ||    27
         Plate armour      |     9 |    88 |    99 ||   196
  Dodge: Dodged            |    32 |    37 |    36 ||   105
  Block: Buckler           |    17 |    19 |    35 ||    71

Table legend: (Time is in decaauts)
 A = Elapsed time spent in this place.
 B = Non-inter-level travel time spent in this place.
 C = Inter-level travel time spent in this place.
 D = Time resting spent in this place.
 E = Time spent auto-exploring this place.
 F = Levels seen in this place.
 G = Mean time per level.
                   A        B        C        D        E       F      G
               +--------+--------+--------+--------+--------+-----+--------+
         Total |   3431 |   3338 |     93 |     29 |   2442 |   6 |  571.8 |
       Dungeon |   3431 |   3338 |     93 |     29 |   2442 |   6 |  571.8 |
               +--------+--------+--------+--------+--------+-----+--------+

Top non-repeatable levels by time:
     D:2: 904 daAuts
     D:5: 655 daAuts
     D:3: 635 daAuts
     D:4: 589 daAuts
     D:1: 506 daAuts
     D:6: 140 daAuts
